 Dungeon Crawl Stone Soup version 0.23.2-40-g277498a001 (webtiles) character file.

Game seed: 2099226334752782559

48 DildoBatman the Magician (level 4, 0/30 HPs)
             Began as a Formicid Wizard on Sept 17, 2019.
             Slain by a ball python (2 damage)
             ... on level 3 of the Dungeon.
             The game lasted 00:03:23 (1961 turns).

DildoBatman the Magician (Formicid Wizard)          Turns: 1961, Time: 00:03:23

Health: 0/30       AC:  2    Str: 12    XL:     4   Next: 0%
Magic:  4/8        EV:  9    Int: 18    God:
Gold:   136        SH:  0    Dex:  9    Spells: 2/9 levels left

rFire    . . .     SeeInvis +   a - -1 hunting sling (curse)
rCold    . . .     Gourm    .   (no shield)
rNeg     . . .     Faith    .   o - +0 robe
rPois    .         Spirit   .   (helmet unavailable)
rElec    .         Reflect  .   (no cloak)
rCorr    .         Harm     .   (no gloves)
MR       .....                  (no boots)
Stlth    ++........             (no amulet)
HPRegen  0.10/turn              (no ring)
MPRegen  0.11/turn              (no ring)

@: constricted
A: permanent stasis, dig shafts and tunnels, four strong arms, antennae 3
a: Dig, Shaft Self


You were on level 3 of the Dungeon.
You were not hungry.

You visited 1 branch of the dungeon, and saw 3 of its levels.

You collected 136 gold pieces.

Inventory:

Hand Weapons
 a - a cursed -1 hunting sling (weapon)
 b - a +0 mace
Missiles
 f - 23 stones (quivered)
Armour
 o - a +0 robe (worn)
Scrolls
 c - a scroll of enchant weapon {unknown}
 e - 4 scrolls of identify {unknown}
 g - a scroll of amnesia {unknown}
 h - 4 scrolls of teleportation {unknown}
 j - 2 scrolls of immolation {unknown}
 l - a scroll of remove curse {unknown}
Potions
 d - a potion of flight {unknown}
 i - 2 potions of curing {unknown}
 m - a potion of lignification {unknown}
 n - a potion of cancellation {unknown}
Comestibles
 k - a chunk of flesh
 v - 2 rations


   Skills:
 - Level 1.7 Dodging
 - Level 2.4 Stealth
 - Level 3.2 Spellcasting
 * Level 3.1 Conjurations
   Level 1.0 Summonings
   Level 0.8 Translocations


You had 2 spell levels left.
You knew the following spells:

 Your Spells              Type           Power        Failure   Level  Hunger
a - Conjure Flame         Conj/Fire      #.......     26%         3    ###....
c - Magic Dart            Conj           ##..         4%          1    None
e - Mephitic Cloud        Conj/Pois/Air  #.......     30%         3    ###....

Your spell library contained the following spells:

 Spells                   Type           Power        Failure   Level  Hunger
 Call Imp                 Summ           #.......     16%         2    ##.....
 Slow                     Hex            #.......     24%         2    ##.....
 Blink                    Tloc           Unusable     N/A         2    N/A

Dungeon Overview and Level Annotations

Branches:
Dungeon (3/15)

Altars:
Dithmenos
Wu Jian


Innate Abilities, Weirdness & Mutations

You cannot be hasted, slowed, berserked, paralysed or teleported.
You can dig through walls and to a lower floor.
Your four strong arms can wield two-handed weapons with a shield.
You have a pair of large antennae on your head. (SInv)


Message History

g - Guard the area. f - Follow me.
Anything else - Cancel.
You shout for attention!
The goblin barely misses you. The frilled lizard bites you.
The ball python bites you. The ball python constricts you.
The frilled lizard hisses.
The goblin closely misses you. The goblin hits you with a +0 club.
What are your orders? t - Shout!
Orders for allies: a - Attack new target. r - Retreat! s - Stop attacking. g - Guard the area. f - Follow me.
Anything else - Cancel.
You shout for attention!
The goblin misses you. The ball python bites you.
You die...

.< .(. { ...# {
..(.#####
.........
#.....s.#
##....g.#
.....lS@####.#..
####..lgglJg....
#.######..... #
..[ .


You could see an ooze, a giant cockroach, a hobgoblin, 3 goblins, a ball python
and 3 frilled lizards.

Vanquished Creatures
  An adder (D:2)
  An adder skeleton (D:3)
  A dart slug (D:2)
  A giant cockroach (D:1)
  7 goblins (D:2)
  6 hobgoblins
  2 jackals (D:2)
  A quokka (D:2)
  2 bats
  5 frilled lizards
  3 kobolds
  2 rats (D:2)
32 creatures vanquished.

Notes
Turn   | Place    | Note
-------+----------+-------------------------------------------
     0 | D:1      | DildoBatman the Formicid Wizard began the quest for the
                  | Orb.
     0 | D:1      | Reached XP level 1. HP: 13/13 MP: 4/4
   160 | D:1      | Reached skill level 1 in Conjurations
   772 | D:1      | Reached XP level 2. HP: 14/19 MP: 3/6
   911 | D:2      | Found an ornate altar of the Wu Jian Council.
  1317 | D:2      | Reached XP level 3. HP: 21/24 MP: 5/7
  1322 | D:2      | Learned a level 3 spell: Conjure Flame
  1326 | D:2      | Learned a level 3 spell: Mephitic Cloud
  1686 | D:2      | Found a shadowy altar of Dithmenos.
  1940 | D:3      | Reached XP level 4. HP: 27/30 MP: 2/8
  1961 | D:3      | Slain by a ball python

Skill      XL: |  1  2  3 |
---------------+----------+-----
Conjurations   | 1 2 3 |  3.1
Dodging        | |  1.7
Stealth        | |  2.4
Spellcasting   | |  3.2
Summonings     | |  1.0
Translocations | |  0.8

Action                   |  1- 3 |  4- 6 || total
-------------------------+-------+-------++-------
Melee: Mace              |    31 |       ||    31
 Fire: Hunting sling     |     5 |       ||     5
 Cast: Magic Dart        |    63 |     1 ||    64
 Abil: Dig               |     2 |       ||     2
 Stab: Sleeping          |     1 |       ||     1
  Eat: Chunk             |     3 |       ||     3
Armor: Robe              |     5 |     7 ||    12
Dodge: Dodged            |    32 |    22 ||    54
